 Dungeon Crawl Stone Soup version 0.30-a0-845-g7c6808c8ce (webtiles) character file.

Game seed: 3223009155268645790

34913 Duck the Impaler (level 13, -2/140 HPs)
             Began as a Troll Berserker on Mar 2, 2023.
             Was a High Priest of Trog.
             Slain by a brown ugly thing (3 damage)
             ... on level 14 of the Dungeon.
             The game lasted 00:37:20 (10936 turns).

Duck the Impaler (Troll Berserker)                 Turns: 10936, Time: 00:37:20

Health: -2/140     AC: 15    Str: 35    XL:     13   Next: 44%
Magic:  12/12      EV: 10    Int:  2    God:    Trog [*****.]
Gold:   1863       SH:  0    Dex: 20    Spells: 12/12 levels left

rFire   . . .      SeeInvis .    A - +10 bardiche of Eternal Vigilance {freeze, Dex+3}
rCold   + . .      Faith    .    (shield currently unavailable)
rNeg    . . .      Spirit   .    O - +1 acid dragon scales
rPois   .          Reflect  .    M - +2 hat of Autotheism {rC+ rCorr Dex-4 Slay+3}
rElec   .          Rampage  .    b - +2 cloak
rCorr   +                        (gloves unavailable)
Will    .....                    (boots unavailable)
Stlth   +                        q - amulet of regeneration
HPRegen 2.03/turn                o - +6 ring of strength
MPRegen 0.13/turn                D - +6 ring of dexterity

@: confused, on berserk cooldown, slowed, invisible, very slow
A: large, unfitting armour, claws 3, regeneration 1, shaggy fur 1, tough skin 1,
agile 1, mutation resistance 1, no potion heal 1
a: Renounce Religion, Berserk, Trog's Hand, Brothers in Arms


You were on level 14 of the Dungeon.
You worshipped Trog.
Trog was extremely pleased with you.
You visited 1 branch of the dungeon, and saw 14 of its levels.
You also visited: Bailey.

You collected 2855 gold pieces.
You spent 992 gold pieces at shops.

Inventory:

Hand Weapons
 A - the +10 bardiche of Eternal Vigilance (weapon) {freeze, Dex+3}
   (You found it on level 5 of the Dungeon)

   Dex:       It affects your dexterity (+3).
 L - a +1 bardiche of holy wrath
Missiles
 Q - 2 throwing nets (quivered)
Armour
 b - a +2 cloak (worn)
 M - the +2 hat of Autotheism (worn) {rC+ rCorr Dex-4 Slay+3}
   (You acquired it on level 9 of the Dungeon)

   Dex:       It affects your dexterity (-4).
   Slay:      It affects your accuracy & damage with ranged weapons and melee
   (+3).
   rC:        It protects you from cold.
   rCorr:     It protects you from acid and corrosion.
 O - +1 acid dragon scales (worn)
Jewellery
 g - a ring of positive energy
 k - a ring of willpower
 o - a +6 ring of strength (left claw)
 q - an amulet of regeneration (around neck)
 D - a +6 ring of dexterity (right claw)
 E - a +4 ring of protection
 N - a ring of ice
Scrolls
 l - 5 scrolls of enchant weapon
 p - 2 scrolls of vulnerability
 r - 2 scrolls of blinking
 u - a scroll of brand weapon
 x - 7 scrolls of amnesia
 y - a scroll of silence
 z - 5 scrolls of teleportation
 R - 2 scrolls of immolation
 S - a scroll of identify
 T - a scroll of fog
Potions
 c - a potion of flight
 d - 3 potions of lignification
 e - 3 potions of might
 m - a potion of attraction {unknown}
 t - a potion of berserk rage
 v - a potion of invisibility
 w - 2 potions of heal wounds
 B - 3 potions of ambrosia
 F - 3 potions of curing
 U - a potion of cancellation {unknown}


   Skills:
 - Level 12.2 Fighting
 * Level 15.0 Polearms
 + Level 6.1 Armour
 - Level 2.4 Dodging
 - Level 7.5 Unarmed Combat


You had 12 spell levels left.
You didn't know any spells.
Your spell library was empty.

Dungeon Overview and Level Annotations

Branches:
Dungeon (14/15)            Temple (0/1) D:4            Lair (0/5) D:11
    Orc (0/2) D:10         Bailey (visited)
 Vaults: D:13-14

Altars:
Cheibriados
Elyvilon
Gozag
Makhleb
Qazlal
Sif Muna
Yredelemnul

Shops:
D:4 *   D:5 =   D:8 :?   D:11 =

Portals:
Trove: D:13 (give 10 potions of heal wounds)


Innate Abilities, Weirdness & Mutations

You are too large for most types of armour.
You have claws for hands.
Your natural rate of healing is unusually fast.
You are covered in fur. (AC +1)
You have tough skin. (AC +1)
You are agile. (Dex +4, Str/Int -1)
You are somewhat resistant to further mutation.
Potions are less effective at restoring your health.


Message History

The vault guard is heavily wounded.
The sentinel's mark upon you fades away.
The vault guard hits you with a +3 glaive.
The brown ugly thing kicks you!
You are splashed with acid.
You resist. The brown ugly thing engulfs you.
You are splashed with acid.
You resist.
The vault guard hits you with a +3 glaive!
The brown ugly thing kicks you.
You are splashed with acid.
You resist.
A brown ugly thing comes into view.
The brown ugly thing completely misses you.
A vault guard comes into view. It is wielding a +0 battleaxe.
You cut the brown ugly thing into ribbons!!!
You freeze the brown ugly thing.
You kill the brown ugly thing!
Trog accepts your kill.
Your skin stops crawling.
You feel less strong-willed.
The vault guard hits you with a +3 glaive!
The red ugly thing basks in the mutagenic energy from its kin and changes!
The golden eye blinks at you.
You are confused.
The brown ugly thing barely misses you.
A basilisk comes into view.
The vault guard hits you with a +3 glaive!!
* * * LOW HITPOINT WARNING * * *
Your Polearms skill increases to level 15!
You fade into invisibility!
The brown ugly thing barely misses you.
A tengu conjurer comes into view.
A boulder beetle comes into view.
The vault guard barely misses you. The brown ugly thing barely misses you.
The brown ugly thing basks in the mutagenic energy from its kin and changes!
The vault guard hits you with a +3 glaive!
* * * LOW HITPOINT WARNING * * *
The boulder beetle moves out of view.
You slice the golden eye!! You freeze the golden eye.
You kill the golden eye!
Trog accepts your kill.
The vault guard hits you with a +3 glaive!
* * * LOW HITPOINT WARNING * * *
A basilisk comes into view.
The brown ugly thing engulfs you.
You die...

#<# #............. '.#
#..<.....l.... #.#
#..###'###.###
..#####..#.....#Q+
.........#.....#.#
.........#.....#.#
.........#.....#.##+###.#
.........##'####u)......#
...........ppuup@$......#
............up######....#
....#######...# ..# ....#
#...# # #...# #$..# .....
#.....


You could see 4 vault guards, 4 ugly things, a basilisk (wandering, unable to
see you) and a tengu conjurer.

Vanquished Creatures
  A hydra (D:12)
  4 centaur warriors
  2 boulder beetles
  2 two-headed ogres
  A tengu warrior (D:13)
  Sonja (D:10)
  4 skeletal warriors (D:12)
  Lodul (D:13)
  3 deep elf pyromancers
  2 orc knights (Bailey)
  9 ugly things
  3 manticores
  2 cyclopes
  Joseph (D:7)
  A gargoyle (D:13)
  An unseen horror (D:11)
  A tengu conjurer (D:13)
  A freezing wraith (D:9)
  2 komodo dragons (D:11)
  A guardian mummy (D:13)
  2 trolls
  Prince Ribbit (D:8)
  3 slime creatures (D:13)
  2 shadows
  7 wyverns
  3 wraiths
  Eustachio (D:5)
  A vampire (D:12)
  2 basilisks
  A golden eye (shapeshifter) (D:14)
  2 steam dragons (D:8)
  Menkaure (D:4)
  4 acid dragons
  2 water moccasins
  Duvessa (D:5)
  13 orc warriors
  3 ice beasts
  3 black bears
  8 ogres
  3 centaurs
  A phantom (D:4)
  Blork the orc (D:5)
  2 bullfrogs (D:9)
  2 gnoll sergeants (D:10)
  3 scorpions
  7 wights
  4 killer bees (D:11)
  Dowan (D:5)
  6 howler monkeys
  3 jellies
  5 orc priests
  3 hounds
  A sleepcap (D:6)
  Jessica (D:2)
  Natasha (twice) (D:2)
  A gnoll bouda (D:10)
  2 iguanas
  9 orc wizards
  13 gnolls (D:10)
  9 adders
  2 shadow imps
  2 white imps
  3 ufetubi
  A worm (D:5)
  A dart slug (D:2)
  32 orcs
  4 endoplasms
  2 giant cockroaches
  10 goblins
  10 hobgoblins
  3 quokkas
  9 ball pythons
  8 bats
  2 frilled lizards
  9 kobolds
  4 rats
284 creatures vanquished.

Notes
Turn   | Place    | Note
-------+----------+-------------------------------------------
     0 | D:1      | Duck the Troll Berserker began the quest for the Orb.
     0 | D:1      | Reached XP level 1. HP: 22/22 MP: 0/0
   210 | D:1      | Reached XP level 2. HP: 28/29 MP: 1/1
   729 | D:2      | Reached ** piety under Trog
   760 | D:2      | Reached XP level 3. HP: 26/36 MP: 2/2
   924 | D:2      | Noticed Natasha
   935 | D:2      | Killed Natasha
  1000 | D:2      | Reached XP level 4. HP: 43/45 MP: 3/3
  1034 | D:2      | You fall into a shaft and drop 2 floors!
  1093 | D:4      | Noticed an ogre
  1238 | D:4      | Found Ofickohica's Assorted Antiques.
  1244 | D:4      | Bought a dented pearl amulet for 100 gold pieces
  1276 | D:4      | Reached skill level 5 in Unarmed Combat
  1276 | D:4      | Reached XP level 5. HP: 41/53 MP: 4/4
  1288 | D:4      | Killed an ogre
  1300 | D:4      | Reached XP level 6. HP: 58/62 MP: 5/5
  1340 | D:4      | Noticed Menkaure
  1346 | D:4      | Killed Menkaure
  1499 | D:4      | Found a staircase to the Ecumenical Temple.
  2213 | D:3      | Reached XP level 7. HP: 70/70 MP: 6/6
  2757 | D:2      | Found a faded altar of an unknown god.
  2824 | D:2      | Noticed Natasha
  2832 | D:2      | Killed Natasha
  3041 | D:2      | Noticed Jessica
  3046 | D:2      | Killed Jessica
  3046 | D:2      | Reached *** piety under Trog
  3313 | D:5      | Entered Level 5 of the Dungeon
  3313 | D:5      | Found Fumu Eca's Jewellery Emporium.
  3367 | D:5      | Identified the +10 bardiche of Eternal Vigilance {freeze,
                  | Dex+3}
  3409 | D:5      | Reached skill level 1 in Polearms
  3412 | D:5      | Reached skill level 2 in Polearms
  3453 | D:5      | Noticed Duvessa
  3458 | D:5      | Reached XP level 8. HP: 76/79 MP: 7/7
  3459 | D:5      | Killed Duvessa
  3460 | D:5      | Reached skill level 3 in Polearms
  3461 | D:5      | Noticed Dowan
  3471 | D:5      | Killed Dowan
  3536 | D:5      | Reached skill level 4 in Polearms
  3575 | D:5      | Noticed Eustachio
  3593 | D:5      | Killed Eustachio
  3636 | D:5      | Reached skill level 5 in Polearms
  3641 | D:5      | Noticed Blork the orc
  3645 | D:5      | Killed Blork the orc
  3681 | D:5      | Found a snail-covered altar of Cheibriados.
  3878 | D:6      | Found a burning altar of Makhleb.
  3884 | D:6      | Found a white marble altar of Elyvilon.
  3901 | D:6      | Found an opulent altar of Gozag.
  3965 | D:6      | Reached skill level 6 in Polearms
  4182 | D:6      | Found a stormy altar of Qazlal.
  4378 | D:6      | Reached XP level 9. HP: 85/85 MP: 8/8
  4502 | D:6      | Found a shimmering blue altar of Sif Muna.
  4619 | D:6      | Found a basalt altar of Yredelemnul.
  4654 | D:7      | Reached skill level 7 in Polearms
  4990 | D:7      | Gained mutation: You sometimes lose your temper in combat.
                  | [potion of mutation]
  4990 | D:7      | Gained mutation: You are somewhat resistant to further
                  | mutation. [potion of mutation]
  5042 | D:7      | Noticed Joseph
  5045 | D:7      | Killed Joseph
  5175 | D:7      | Reached **** piety under Trog
  5342 | D:8      | Noticed Prince Ribbit
  5344 | D:8      | Killed Prince Ribbit
  5345 | D:8      | Reached skill level 8 in Polearms
  5387 | D:8      | Found Qurism's Magic Scroll Shop.
  5494 | D:8      | Bought a scroll of enchant armour for 112 gold pieces
  5662 | D:8      | Found Asypsey's Book Boutique.
  5772 | D:8      | Reached skill level 9 in Polearms
  6107 | D:8      | Identified the +6 rapier "Denor" {distort, +Blink Dex+3}
  6341 | D:9      | Noticed a troll
  6349 | D:9      | Killed a troll
  6395 | D:9      | Reached XP level 10. HP: 94/94 MP: 9/9
  6504 | D:9      | Found a flagged portal.
  6518 | Bailey   | Entered a bailey
  6568 | Bailey   | Reached skill level 10 in Polearms
  6786 | Bailey   | Noticed an orc knight
  6786 | Bailey   | Noticed an orc knight
  6789 | Bailey   | Killed an orc knight
  6795 | Bailey   | Killed an orc knight
  6796 | Bailey   | Reached skill level 11 in Polearms
  6961 | D:9      | Noticed a centaur warrior
  6966 | D:9      | Killed a centaur warrior
  6967 | D:9      | Reached skill level 5 in Fighting
  6974 | D:9      | Reached XP level 11. HP: 123/123 MP: 10/10
  6985 | D:9      | Lost mutation: You are somewhat resistant to further
                  | mutation. [potion of mutation]
  6985 | D:9      | Lost mutation: You sometimes lose your temper in combat.
                  | [potion of mutation]
  6985 | D:9      | Gained mutation: You have sharp toenails. [potion of
                  | mutation]
  6985 | D:9      | Gained mutation: You are agile. (Dex +4, Str/Int -1)
                  | [potion of mutation]
  6985 | D:9      | Gained mutation: Your spells are a little harder to cast,
                  | but a little more powerful. [potion of mutation]
  6986 | D:9      | Lost mutation: You have sharp toenails. [potion of
                  | mutation]
  6986 | D:9      | Lost mutation: Your spells are a little harder to cast, but
                  | a little more powerful. [potion of mutation]
  6986 | D:9      | Gained mutation: You are somewhat resistant to further
                  | mutation. [potion of mutation]
  6986 | D:9      | Gained mutation: Potions are less effective at restoring
                  | your health. [potion of mutation]
  7211 | D:9      | Identified 2 scrolls of acquirement
  7211 | D:9      | Acquired the +2 hat of Autotheism {rC+ rCorr Dex-4 Slay+3}
  7332 | D:9      | Acquired 1197 gold pieces
  7398 | D:8      | Bought a scroll of acquirement for 780 gold pieces
  7398 | D:8      | Acquired 507 gold pieces
  7496 | D:10     | Entered Level 10 of the Dungeon
  7660 | D:10     | Noticed a two-headed ogre
  7664 | D:10     | Killed a two-headed ogre
  7665 | D:10     | Reached skill level 12 in Polearms
  7711 | D:10     | Noticed Sonja
  7723 | D:10     | Killed Sonja
  7782 | D:10     | Noticed a deep elf pyromancer
  7787 | D:10     | Killed a deep elf pyromancer
  7788 | D:10     | Reached XP level 12. HP: 132/132 MP: 11/11
  7956 | D:10     | Found a staircase to the Orcish Mines.
  8206 | D:11     | Reached skill level 1 in Armour
  8227 | D:11     | Reached ***** piety under Trog
  8244 | D:11     | Noticed a boulder beetle
  8248 | D:11     | Killed a boulder beetle
  8329 | D:11     | Found Mimiomm's Jewellery Boutique.
  8562 | D:11     | Found a staircase to the Lair.
  8647 | D:11     | Reached skill level 13 in Polearms
  9145 | D:12     | HP: 5/198 [skeletal warrior/+0 halberd (13)]
  9327 | D:12     | Received a gift from Trog
 10300 | D:13     | Noticed a centaur warrior
 10301 | D:13     | Noticed a seven-headed hydra
 10308 | D:12     | Killed an 11-headed hydra
 10362 | D:12     | Killed a centaur warrior
 10363 | D:12     | Reached skill level 14 in Polearms
 10418 | D:13     | Noticed Lodul
 10423 | D:13     | Killed Lodul
 10424 | D:13     | Reached XP level 13. HP: 140/140 MP: 12/12
 10431 | D:13     | Reached skill level 5 in Armour
 10766 | D:13     | Found a portal to a secret trove of treasure.
 10935 | D:14     | Reached skill level 15 in Polearms
 10936 | D:14     | HP: 1/140 [vault guard/+3 glaive (12)]
 10936 | D:14     | Slain by a brown ugly thing

Illustrated notes

Levels and vault maps discovered:
D:1:      dpeg_arrival_leaves_temple_mockup, layout_loops_cross,
          minmay_box_of_dots
D:2:      layout_basic, ebering_ecumenical_altar_sacrificial,
          minmay_misc_feat_columns, uniq_jessica, uniq_natasha
D:3:      layout_loops_ring, kennysheep_generic_room_7
D:4:      layout_basic, minmay_temple_entry_tees, serial_shops, shop,
          uniq_menkaure
D:5:      layout_rooms, cheibrodos_worm_habitat, serial_shops,
          nicolae_shop_stone, uniq_duvessa, uniq_blork_the_orc, uniq_eustachio
D:6:      layout_gridville, mainiacjoe_overflow_alcove_2,
          mainiacjoe_overflow_boulevard, nicolae_sif_muna_little_library,
          grunt_temple_overflow_open
D:7:      layout_loops_ring, nicolae_figureground_pulse, uniq_joseph
D:8:      layout_loops_ring, serial_shops, shop_fountains, shop,
          hangedman_decor_slide_cut, chequers_serial_rivers_micro_d,
          uniq_prince_ribbit1
D:9:      minmay_distorted_concentric_squares, layout_cave_pools, enter_bailey_4
D:10:     nicolae_cairo_tiling, layout_rooms, orc_0_dummy, fungi_pond_lemuel,
          uniq_sonja
D:11:     layout_long_grid, erik_lair_dragon, serial_shops, nicolae_diamond_shop
D:12:     layout_stronghold
D:13:     layout_rooms, nicolae_trove_entry_path_of_doom, uniq_lodul
D:14:     layout_irregular_city, lightli_vaults_fourway_checkpoint,
          grunt_decor_arrowhead, serial_shops, nicolae_shop_bloodbath_and_beyond

Skill      XL: |  1  2  3  4  5  6  7  8  9 10 11 12 13 |
---------------+----------------------------------------+-----
Unarmed Combat | 4 5 6 7 |  7.5
Fighting       | 3 4 11 12 | 12.2
Polearms       | 2 6 9 11 12 14 15 | 15.0
Armour         | 4 6 |  6.1
Dodging        | |  2.4

Action                     |  1- 3 |  4- 6 |  7- 9 | 10-12 | 13-15 || total
---------------------------+-------+-------+-------+-------+-------++-------
  Melee: Unarmed           |   104 |    59 |    54 |       |       ||   217
         Punch             |     2 |     2 |     2 |       |       ||     6
         Bardiche          |       |       |   126 |   247 |    63 ||   436
 Invoke: Berserk           |       |     2 |     3 |     8 |     1 ||    14
         Trog's Hand       |       |       |       |       |     1 ||     1
    Use: Scroll            |       |     8 |     9 |    13 |       ||    30
         Potion            |       |       |     1 |     6 |     1 ||     8
   Stab: Sleeping          |     1 |       |     6 |     3 |       ||    10
         Distracted        |       |       |     1 |       |       ||     1
 Armour: Animal skin       |     7 |       |       |       |       ||     7
         Robe              |    16 |    11 |    89 |       |       ||   116
         Troll leather arm |       |       |       |    66 |       ||    66
         Acid dragon scale |       |       |       |    65 |    20 ||    85
  Dodge: Dodged            |    64 |    21 |    85 |   163 |    23 ||   356

Table legend: (Time is in decaauts)
 A = Elapsed time spent in this place.
 B = Non-inter-level travel time spent in this place.
 C = Inter-level travel time spent in this place.
 D = Time resting spent in this place.
 E = Time spent auto-exploring this place.
 F = Levels seen in this place.
 G = Mean time per level.
                   A        B        C        D        E       F      G
               +--------+--------+--------+--------+--------+-----+--------+
         Total |  11223 |  10647 |    576 |   1052 |   7518 |  15 |  748.2 |
       Dungeon |  10805 |  10229 |    576 |    971 |   7377 |  14 |  771.8 |
        Bailey |    418 |    418 |      0 |     81 |    141 |   1 |  418.0 |
               +--------+--------+--------+--------+--------+-----+--------+

Top non-repeatable levels by time:
    D:12: 1266 daAuts
     D:4: 1183 daAuts
     D:8: 1167 daAuts
    D:11: 881 daAuts
     D:6: 812 daAuts
     D:2: 796 daAuts
     D:9: 718 daAuts
     D:1: 683 daAuts
     D:7: 671 daAuts
    D:13: 656 daAuts
    D:10: 653 daAuts
     D:3: 648 daAuts
     D:5: 597 daAuts
  Bailey: 418 daAuts
    D:14: 66 daAuts
